 Dungeon Crawl Stone Soup version 0.31-a0-986-g5e6e4ef867 (webtiles) character file.

Game seed: 17297662557707369513

66 Zonian the Conjurer (level 3, 0/19 HPs)
             Began as a Deep Elf Conjurer on Nov 11, 2023.
             Slain by Sigmund
             ... wielding a +0 scythe
              (5 damage)
             ... on level 2 of the Dungeon.
             The game lasted 00:03:33 (1798 turns).

Zonian the Conjurer (Deep Elf Conjurer)             Turns: 1798, Time: 00:03:35

Health: 0/19       AC:  2    Str:  4    XL:     3   Next: 96%
Magic:  4/10       EV: 13    Int: 24    God:
Gold:   146        SH:  0    Dex: 13    Spells: 8/9 levels left

rFire   . . .        d - +3 lajatang (spect)
rCold   . . .        (shield currently unavailable)
rNeg    . . .        a - +0 robe
rPois   .            (no helmet)
rElec   .            (no cloak)
rCorr   .            (no gloves)
SInv    .            (no boots)
Will    .....        (no amulet)
Stlth   ++           (no ring)
HPRegen 0.23/turn    (no ring)
MPRegen 0.12/turn

%: no passive effects
@: no status effects
A: no striking features
a: no special abilities


You were on level 2 of the Dungeon.
You visited 1 branch of the dungeon, and saw 2 of its levels.

You collected 146 gold pieces.

Inventory:

Hand Weapons
 d - a +3 spectral lajatang (weapon)
 e - a +0 short sword
Armour
 a - a +0 robe (worn)
Scrolls
 g - a scroll of identify
 h - a scroll of immolation {unknown}
Potions
 b - a potion of magic
 c - a potion of might


   Skills:
 + Level 3.2 Dodging
 + Level 3.4 Stealth
 + Level 3.9 Spellcasting
 + Level 4.8 Conjurations


You had 8 spell levels left.
You knew the following spells:

 Your Spells              Type           Power      Damage    Failure   Level
a - Magic Dart            Conj           100%       1d8       1%          1

Your spell library contained the following spells:

 Spells                   Type           Power      Damage    Failure   Level
 Searing Ray              Conj           56%        2d6       1%          2
 Dazzling Flash           Conj/Hex       32%        N/A       11%         3
 Fulminant Prism          Conj/Hex       8%         3d7       34%         4
 Iskenderun's Mystic Bla  Conj/Tloc      16%        2d5       34%         4


Dungeon Overview and Level Annotations

Branches:
Dungeon (2/15)

Altars:

Annotations:
D:2 Sigmund


Message History

You kill the bat!
Unknown command.
You see here a bat corpse.
A giant cockroach comes into view.
There is an open door here.
There is a stone staircase leading down here.
You now have 146 gold pieces (gained 8).
There are no items here.
The magic dart hits the giant cockroach.
The giant cockroach is severely wounded.
Sigmund shouts!
The magic dart hits the giant cockroach!
You kill the giant cockroach!
Sigmund casts a spell at you. You resist with some effort.
The magic dart hits Sigmund.
Sigmund is moderately wounded.
Unknown command.
This is a scroll of acquirement!
Something appears at your feet! Sigmund casts a spell at you.
The magic dart hits you!
The magic dart hits Sigmund but does no damage.
Sigmund is moderately wounded.
The magic dart hits Sigmund.
Sigmund is moderately wounded.
Sigmund says, "I'm your fate."
Unknown command.
You feel a bond with your +3 spectral lajatang.
d - a +3 spectral lajatang (weapon)
Unknown command.
The magic dart hits Sigmund.
Sigmund is heavily wounded.
Sigmund casts a spell at you. The magic dart hits you!
* * * LOW HITPOINT WARNING * * *
Unknown command.
Sigmund hits you with a +0 scythe.
You die...
Sigmund begins carving another notch in his scythe.

###########
#.........# #####
#.........# ....# .
#.........# ....#
....###.........#
#...#
......@@.>......#
..###
....#####'#######
### #########†# #
#.......# ###
###.#####'### ..###
#...#.......#####
#...#
###.###...........##
..###
#...###...######...#
###
#.......######...###


You could see Sigmund.

Vanquished Creatures
  3 adders (D:2)
  A dart slug (D:1)
  5 endoplasms
  5 giant cockroaches
  2 goblins (D:1)
  6 ball pythons
  5 bats
  5 kobolds
  4 rats (D:1)
36 creatures vanquished.

Notes
Turn   | Place    | Note
-------+----------+-------------------------------------------
     0 | D:1      | Zonian the Deep Elf Conjurer began the quest for the Orb.
     0 | D:1      | Reached XP level 1. HP: 10/10 MP: 6/6
   292 | D:1      | Reached XP level 2. HP: 15/15 MP: 4/8
  1133 | D:2      | Reached XP level 3. HP: 19/19 MP: 5/10
  1205 | D:2      | Found a faded altar of an unknown god.
  1577 | D:2      | Noticed Sigmund
  1793 | D:2      | Identified a scroll of acquirement
  1793 | D:2      | Identified the of Sydiptuydi (You acquired it on level 2
                  | of the Dungeon)
  1793 | D:2      | Acquired a +3 spectral lajatang
  1798 | D:2      | Slain by Sigmund

Illustrated notes

Levels and vault maps discovered:
D:1:      dpeg_chamrin_arrival_tetris, layout_basic
D:2:      layout_basic, nicolae_ecumenical_snake_handling, serial_curves,
          eino_curves_03, eino_curves_03, minmay_tiny_reverse_x, uniq_sigmund

Skill      XL: |  1  2 |
---------------+-------+-----
Stealth        | 3 |  3.4
Dodging        | 3 |  3.2
Spellcasting   | |  3.9
Conjurations   | |  4.8

Action                     || total
---------------------------++-------
  Melee: Unarmed           ||     4
         Punch             ||     1
   Cast: Magic Dart        ||    78
    Use: Scroll            ||     3
 Armour: Robe              ||     9
  Dodge: Dodged            ||     9

Table legend: (Time is in decaauts)
 A = Elapsed time spent in this place.
 B = Non-inter-level travel time spent in this place.
 C = Inter-level travel time spent in this place.
 D = Time resting spent in this place.
 E = Time spent auto-exploring this place.
 F = Levels seen in this place.
 G = Mean time per level.
                   A        B        C        D        E       F      G
               +--------+--------+--------+--------+--------+-----+--------+
         Total |   1796 |   1733 |     63 |      0 |   1432 |   2 |  898.0 |
       Dungeon |   1796 |   1733 |     63 |      0 |   1432 |   2 |  898.0 |
               +--------+--------+--------+--------+--------+-----+--------+

Top non-repeatable levels by time:
     D:1: 971 daAuts
     D:2: 825 daAuts
